 Dungeon Crawl Stone Soup version 0.31.0-11-ge490571c62 (webtiles) character file.

Game seed: 16552034791108732254

16 qw the Shooter (level 2, 0/14 HPs)
             Began as a Spriggan Hunter on Feb 4, 2024.
             Slain by an adder (3 damage)
             ... on level 2 of the Dungeon.
             The game lasted 00:00:02 (775 turns).

qw the Shooter (Spriggan Hunter)                     Turns: 775, Time: 00:00:02

Health: 0/14       AC:  2    Str:  7    XL:     2   Next: 37%
Magic:  3/3        EV: 19    Int: 10    God:
Gold:   56         SH:  0    Dex: 18    Spells: 1/1 levels left

rFire   . . .        a - +0 shortbow
rCold   . . .        (shield currently unavailable)
rNeg    . . .        c - +0 robe
rPois   .            (helmet restricted)
rElec   .            (no cloak)
rCorr   .            (gloves unavailable)
SInv    +            (boots unavailable)
Will    .....        (no amulet)
Stlth   ++           (no ring)
HPRegen 0.22/turn    (no ring)
MPRegen 0.08/turn

%: no passive effects
@: lethally poisoned (0 -> -2), very quick
A: very small, no large weapons, unfitting armour, see invisible, speed 3
a: no special abilities


You were on level 2 of the Dungeon.
You visited 1 branch of the dungeon, and saw 2 of its levels.

You collected 56 gold pieces.


Innate Abilities, Weirdness & Mutations

You are very small and have problems with some larger weapons.
You are too small for most types of armour.
You have supernaturally acute eyesight. (SInv)
You cover ground extremely quickly. (Speed+++)


   Skills:
 - Level 1.5 Fighting
 + Level 4.1 Ranged Weapons
 - Level 4.0 Dodging
 - Level 1.5 Stealth


You had one spell level left.
You didn't know any spells.
Your spell library was empty.

Inventory:

Hand Weapons
 a - a +0 shortbow (weapon)
Armour
 c - a +0 robe (worn)
Potions
 g - a potion of enlightenment {unknown}

Dungeon Overview and Level Annotations

Branches:
Dungeon (2/15)

Altars:


Message History

The arrow hits the kobold but does no damage.
The kobold barely misses you.
You shoot an arrow. The arrow barely misses the kobold.
The kobold closely misses you.
You shoot an arrow. The arrow closely misses the kobold.
The kobold misses you.
You shoot an arrow. The arrow hits the kobold.
The kobold is severely wounded.
The kobold hits you with a +0 club.
You shoot an arrow. The arrow hits the kobold.
You kill the kobold!
You start resting.
HP restored.
An adder comes into view.
The adder hisses angrily.
The adder completely misses you.
You shoot an arrow. The arrow closely misses the adder.
The adder closely misses you.
You shoot an arrow. The arrow barely misses the adder.
The adder bites you. The adder misses you.
You shoot an arrow. The arrow closely misses the adder.
The adder bites you but does no damage. The adder completely misses you.
You shoot an arrow. The arrow completely misses the adder.
The adder bites you but does no damage.
You shoot an arrow. The arrow closely misses the adder.
The adder bites you but does no damage. The adder misses you.
You shoot an arrow. The arrow hits the adder.
The adder is heavily wounded.
The adder bites you.
You are poisoned.
The adder poisons you!
You shoot an arrow. The arrow hits the adder.
The adder is severely wounded.
You feel sick. The adder closely misses you. The adder bites you.
You shoot an arrow. The arrow hits the adder.
The adder is almost dead.
You feel sick. The adder misses you.
You shoot an arrow. The arrow barely misses the adder.
You feel sick. The adder bites you. x2
You die...

#..<....#
...#####.......#
..........>.......
.........#..######
......###........
..... #....#....
.....###.########
.. #....#....... #
#..###@.#
.......S.##
.##########


You could see an adder.

Vanquished Creatures
  A dart slug (D:1)
  An endoplasm (D:1)
  2 giant cockroaches (D:1)
  A goblin (D:1)
  A hobgoblin (D:1)
  3 kobolds
  2 bats (D:1)
  A frilled lizard (D:2)
12 creatures vanquished.

Notes
Turn   | Place    | Note
-------+----------+-------------------------------------------
     0 | D:1      | qw the Spriggan Hunter began the quest for the Orb.
     0 | D:1      | Reached XP level 1. HP: 10/10 MP: 2/2
     0 | D:1      | 0 ||| qw: Version: 0.3-a-160-g6735b56
     0 | D:1      | 0 ||| qw: Game counter: 4764
     0 | D:1      | 0 ||| qw: Melee chars always use a shield: true
     0 | D:1      | 0 ||| qw: God list: Okawaru
     0 | D:1      | 0 ||| qw: Allow faded altars: false
     0 | D:1      | 0 ||| qw: Do Orc after clearing Dungeon:15 true
     0 | D:1      | 0 ||| qw: Do second Lair branch before Depths: true
     0 | D:1      | 0 ||| qw: Lair rune preference: random
     0 | D:1      | 0 ||| qw: Goals: Normal
     0 | D:1      | 0 ||| PLANNING D:1-11
   216 | D:1      | Reached skill level 3 in Dodging
   375 | D:1      | Reached XP level 2. HP: 14/14 MP: 3/3
   657 | D:1      | 657 ||| DROPPING ring of wizardry.
   658 | D:1      | 658 ||| DROPPING ring of flight.
   659 | D:1      | 659 ||| READING scroll labelled NUNGI PAEM.
   659 | D:1      | 659 ||| IDENTIFYING murky orange potion
   660 | D:1      | 660 ||| READING scroll labelled BONUDA ZYAD.
   661 | D:1      | 661 ||| DROPPING scroll of butterflies.
   662 | D:1      | 662 ||| DROPPING potion of invisibility.
   692 | D:2      | 692 ||| STAIRDANCE
   775 | D:2      | HP: 3/14 [adder (1)]
   775 | D:2      | Slain by an adder

Levels and vault maps discovered:
D:1:      giann_wishing_wells, layout_loops_cross, nicolae_figureground_pulse
D:2:      layout_rooms, hellmonk_ecumenical_altar_defaced_shrine, uniq_jessica

Skill      XL: |  1  2 |
---------------+-------+-----
Dodging        | 3 4 |  4.0
Fighting       | |  1.5
Ranged Weapons | |  4.1
Stealth        | |  1.5

Action                     || total
---------------------------++-------
   Fire: Shortbow          ||    51
    Use: Scroll            ||     2
 Armour: Robe              ||    22
  Dodge: Dodged            ||    29

Table legend:
 A = Non-vault XP
 B = Vault XP
 C = Vault XP percentage of total XP
 D = Non-vault monster count
 E = Vault monster count
 F = Vault count percentage of total count
                 A         B        C        D         E       F
            +---------+---------+-------+---------+---------+-------
      Total |      23 |       0 |   0.0 |      12 |       0 |   0.0
            +---------+---------+-------+---------+---------+-------
        D:1 |      19 |       0 |   0.0 |       9 |       0 |   0.0
        D:2 |       4 |       0 |   0.0 |       3 |       0 |   0.0
            +---------+---------+-------+---------+---------+-------
